 Dungeon Crawl Stone Soup version 0.21-a0-633-g4c047d5f35 (webtiles) character file.

184 4tharraofdagon the Skirmisher (level 5, -2/46 HPs)
             Began as a Centaur Artificer on Dec 28, 2017.
             Was a Believer of Wu Jian.
             Killed by nerve-wracking pain
             ... invoked by Menkaure
              (9 damage)
             ... on level 5 of the Dungeon.
             The game lasted 00:05:14 (1120 turns).

4tharraofdagon the Skirmisher (Centaur Artificer)   Turns: 1120, Time: 00:05:14

Health: -2/46      AC:  7    Str: 14      XL:     5   Next: 36%
Magic:  8/8        EV:  9    Int:  9 (11) God:    Wu Jian [**....]
Gold:   176        SH:  0    Dex: 10      Spells: 4/4 levels left

rFire    . . .     SeeInvis .   a - +0 short sword
rCold    . . .     Gourm    .   (no shield)
rNeg     . . .     Faith    .   b - +0 leather armour
rPois    +         Spirit   .   (no helmet)
rElec    .         Reflect  .   (no cloak)
rCorr    .         Harm     .   g - +2 pair of gloves
MR       .....                  (no barding)
Stlth    +.........             (no amulet)
HPRegen  0.15/turn              h - ring of poison resistance
MPRegen  0.11/turn              (no ring)

@: very quick
A: large, hooves 3, deformed body, speed 2, tough skin 3
a: Renounce Religion


You were on level 5 of the Dungeon.
You worshipped Wu Jian.
Wu Jian was pleased with you.
You were not hungry.

You visited 1 branch of the dungeon, and saw 5 of its levels.

You collected 176 gold pieces.

Inventory:

Hand Weapons
 a - a +0 short sword (weapon)
Armour
 b - a +0 leather armour (worn)
 g - a +2 pair of gloves (worn)
Jewellery
 h - a ring of poison resistance (left hand)
Wands
 c - a wand of flame (1)
 d - a wand of enslavement (4)
 e - a wand of random effects (10)
Scrolls
 n - a scroll of magic mapping {unknown}
Potions
 i - a potion of degeneration
 j - 3 potions of heal wounds {unknown}
 k - a potion of resistance
 l - a potion of might {unknown}
 m - a potion of agility
Comestibles
 f - 5 rations


   Skills:
 + Level 4.2 Fighting
 - Level 0.8 Short Blades
 - Level 1.3 Dodging
 - Level 0.4 Stealth
 - Level 4.0 Evocations


You had 4 spell levels left.
You didn't know any spells.

Dungeon Overview and Level Annotations

Branches:
Dungeon (5/15)
 Temple: D:4-7

Altars:
Fedhas
Ru
Wu Jian

Annotations:
D:5 4tharraofdagon's ghost, weakling SpAK; Menkaure


Innate Abilities, Weirdness & Mutations

You have hooves in place of feet.
Armour fits poorly on your strangely shaped body.
You cover ground very quickly.
You have extremely tough skin. (AC +3)


Message History

Your body is wracked with pain!
* * * LOW HITPOINT WARNING * * *
4tharraofdagon's ghost disappears!
Unknown command.
Unknown command.
Evoke which item? (* to show all) (? for menu, Esc to quit)
Aiming: Throw Flame
Press: ? - help, Shift-Dir - straight line, f - Menkaure
Aim: Menkaure (severely damaged, fast)
The puff of flame misses Menkaure.
Unknown command.
Evoke which item? (* to show all) (? for menu, Esc to quit)
Aiming: Throw Flame
Press: ? - help, Shift-Dir - straight line, f/p - Menkaure
Aim: Menkaure (severely damaged, fast)
The puff of flame hits Menkaure.
Menkaure is severely damaged.
Menkaure casts a spell at you. Pain shoots through your body!
You die...

##########
.......@.#####
########...M.######
#####..W.W.######
######.(....W
#.............
#.##########.# #ยง#
#.# ###.#


You could see a phantom and Menkaure.

Vanquished Creatures
  A scorpion (D:4)
  2 worker ants
  An adder (D:4)
  3 dart slugs (D:2)
  A leopard gecko (D:1)
  2 orcs
  A ball python (D:4)
  4 bats
  A goblin (D:1)
  A hobgoblin (D:1)
  5 jackals (D:4)
  A quokka (D:5)
  A frilled lizard (D:1)
  A kobold (D:3)
  3 rats
28 creatures vanquished.

Vanquished Creatures (collateral kills)
  A phantom (D:5)
  A hound (D:4)
  A gnoll (D:4)
  A dart slug (D:3)
  A goblin (D:3)
  A jackal (D:4)
6 creatures vanquished.

Vanquished Creatures (others)
  A worker ant (D:4)
  A worm (D:2)
  A jackal (D:4)
3 creatures vanquished.

Grand Total: 37 creatures vanquished

Notes
Turn   | Place    | Note
-------+----------+-------------------------------------------
     0 | D:1      | 4tharraofdagon the Centaur Artificer began the quest for the Orb.
     0 | D:1      | Reached XP level 1. HP: 16/16 MP: 2/2
   128 | D:2      | Reached XP level 2. HP: 21/23 MP: 2/4
   147 | D:2      | Found a faded altar of an unknown god.
   157 | D:2      | Became a worshipper of the Wu Jian Council
   157 | D:2      | Reached * piety under Wu Jian
   503 | D:3      | HP: 1/23 [goblin/club (2)]
   570 | D:4      | Reached XP level 3. HP: 5/28 MP: 5/5
   703 | D:4      | Found a blossoming altar of Fedhas.
   703 | D:4      | Found a sacrificial altar of Ru.
   892 | D:4      | Noticed a scorpion
   913 | D:4      | Killed a scorpion
   913 | D:4      | Reached XP level 4. HP: 32/37 MP: 7/7
   914 | D:4      | Reached ** piety under Wu Jian
  1052 | D:5      | Entered Level 5 of the Dungeon
  1052 | D:5      | Noticed Menkaure
  1052 | D:5      | Noticed a phantom
  1063 | D:5      | Noticed a phantom
  1092 | D:5      | Reached XP level 5. HP: 35/46 MP: 8/8
  1097 | D:5      | Noticed 4tharraofdagon's ghost (weakling SpAK)
  1102 | D:5      | Killed a phantom
  1120 | D:5      | Killed from afar by Menkaure

Vault maps used:
D:1:      scummos_arrival_gate, serial_forest, infiniplex_forest_clump_C,
          infiniplex_forest_straight_5, infiniplex_forest_lined_room_,
          infiniplex_forest_lined_1, infiniplex_forest_corner_2,
          infiniplex_forest_clump_medium, infiniplex_forest_lined_room_,
          infiniplex_forest_lined_3
D:2:      lemuel_upstairs_altar, chequers_ecumenical_altar_simple
D:3:      old_standard_altar, nicolae_dithmenos_shadow_blocks
D:4:      gammafunk_temple_overflow_pools
D:5:      first_ration, uniq_menkaure

Skill      XL: |  1  2  3  4  5 |
---------------+----------------+-----
Evocations     | 3 4 |  4.0
Fighting       | 2 3 4 |  4.2
Short Blades   | |  0.8
Dodging        | |  1.3
Stealth        | |  0.4

Action                   |  1- 3 |  4- 6 || total
-------------------------+-------+-------++-------
Melee: Short sword       |    54 |     6 ||    60
       Kick              |    13 |     1 ||    14
Invok: Whirlwind         |     8 |     1 ||     9
       Lunge             |     2 |       ||     2
       Wall jump         |       |     3 ||     3
Evoke: Wand              |    10 |    20 ||    30
  Use: Potion            |     3 |       ||     3
       Scroll            |     3 |       ||     3
Armor: Leather armour    |    28 |     2 ||    30
Dodge: Dodged            |    27 |     3 ||    30

Table legend:
 A = Spawn XP
 B = Non-spawn XP
 C = Spawn XP percentage of total XP
 D = Spawn monster count
 E = Non-spawn monster count
 F = Spawn count percentage of total count
 G = Total turns spent on level
                    A         B        C        D         E        F      G
               +---------+---------+-------+---------+---------+-------+---------
         Total |       0 |     263 |   0.0 |       0 |      34 |   0.0 |  1120
               +---------+---------+-------+---------+---------+-------+---------
           D:1 |       0 |      15 |   0.0 |       0 |       9 |   0.0 |   203
           D:2 |       0 |      15 |   0.0 |       0 |       4 |   0.0 |   269
           D:3 |       0 |      10 |   0.0 |       0 |       6 |   0.0 |    77
           D:4 |       0 |     141 |   0.0 |       0 |      12 |   0.0 |   503
           D:5 |       0 |      82 |   0.0 |       0 |       3 |   0.0 |    68
               +---------+---------+-------+---------+---------+-------+---------

Vault maps used:
D:1:      scummos_arrival_gate, serial_forest, infiniplex_forest_clump_C,
          infiniplex_forest_straight_5, infiniplex_forest_lined_room_,
          infiniplex_forest_lined_1, infiniplex_forest_corner_2,
          infiniplex_forest_clump_medium, infiniplex_forest_lined_room_,
          infiniplex_forest_lined_3
D:2:      lemuel_upstairs_altar, chequers_ecumenical_altar_simple
D:3:      old_standard_altar, nicolae_dithmenos_shadow_blocks
D:4:      gammafunk_temple_overflow_pools
D:5:      first_ration, uniq_menkaure
